 Seeded DCSS version 0.30.2 (webtiles) character file.

Game seed: 430553830990127172 (custom seed)

2040 porpoise the Trooper (level 9, -6/67 (69) HPs)
             Began as a Demonspawn Gladiator on Apr 4, 2024.
             Engulfed by a steam dragon's steam (11 damage)
             ... on level 6 of the Dungeon.
             The game lasted 00:17:20 (6493 turns).

porpoise the Trooper (Demonspawn Gladiator)         Turns: 6493, Time: 00:17:21

HP:   -6/67 (69)    AC:  8    Str: 19    XL:     9   Next: 4%
MP:   9/9           EV: 14    Int: 12    God:
Gold: 854           SH:  0    Dex: 14    Spells: 8/8 levels left

rFire   x . .        (no weapon)
rCold   + . .        (no shield)
rNeg    . . .        C - +0 acid dragon scales
rPois   .            c - +0 helmet
rElec   .            j - +0 cloak
rCorr   +            (gloves unavailable)
SInv    .            (no boots)
Will    .....        (no amulet)
Stlth   ++           s - ring of Bayt {rF- rC+ Slay+2 Stlth+}
HPRegen 0.31/turn    (no ring)
MPRegen 0.11/turn

%: no passive effects
@: slowed, studying Maces & Flails, lightly drained, very slow
A: claws 3, foul stench 1, spiny 1, big brain 1
a: no special abilities


You were on level 6 of the Dungeon.
You visited 2 branches of the dungeon, and saw 7 of its levels.

You collected 1211 gold pieces.
You spent 357 gold pieces at shops.

Inventory:

Hand Weapons
 b - a +0 sling
 w - a +4 spear
 W - a +0 trident
Missiles
 d - 3 throwing nets (quivered)
 e - a javelin
 o - 7 boomerangs
 v - 8 poisoned darts
 D - a curare-tipped dart
Armour
 c - a +0 helmet (worn)
 j - a +0 cloak (worn)
 C - +0 acid dragon scales (worn)
Jewellery
 r - an amulet of faith
 s - the ring of Bayt (left claw) {rF- rC+ Slay+2 Stlth+}
   (You found it on level 2 of the Dungeon)

   [ring of protection from cold]

   Slay:      It affects your accuracy & damage with ranged weapons and melee
   (+2).
   rF:        It makes you vulnerable to fire.
   rC:        It protects you from cold.
   Stlth:     It makes you more stealthy.
Wands
 E - a wand of iceblast (6)
Scrolls
 f - a scroll of poison
 g - a scroll of enchant armour {unknown}
 h - 3 scrolls of identify
 m - 2 scrolls of immolation
 n - a scroll of fog {unknown}
 p - 2 scrolls of teleportation
 x - a scroll of noise
 y - 3 scrolls of blinking
Potions
 i - a potion of magic
 k - 2 potions of mutation
 l - 3 potions of resistance
 q - 4 potions of heal wounds
 t - 5 potions of flight
 u - a potion of ambrosia {unknown}
 z - 2 potions of curing
 A - 2 potions of lignification
 B - a potion of invisibility


   Skills:
 + Level 6.2 Fighting
 - Level 6.0 Polearms
 - Level 5.6 Throwing
 - Level 6.0 Dodging
 * Level 0.0 Unarmed Combat


You had 8 spell levels left.
You didn't know any spells.
Your spell library contained the following spells:

 Spells                   Type           Power      Damage    Failure   Level
 Borgnjor's Revivificati  Necr           0%         N/A       100%        8
 Necromutation            Tmut/Necr      0%         N/A       100%        8
 Death's Door             Necr           0%         N/A       100%        9


Dungeon Overview and Level Annotations

Branches:
Dungeon (6/15)             Temple (1/1) D:6

Altars:
Ashenzari
Gozag
Hepliaklqana
Makhleb
Nemelex Xobeh
Okawaru
Ru
Sif Muna
Trog
Vehumet
Wu Jian
Xom

Shops:
D:1 ?   D:4 [*([[

Annotations:
D:5 3 runed translucent doors, middlethird's ghost, amateur VSTm


Innate Abilities, Weirdness & Mutations

You have claws for hands.
You may rarely emit foul miasma when damaged in melee.
You are partially covered in sharp spines.
You have an unusually large brain. (Int +2)


Message History

The wraith is struck by your spines. The wraith hits you. The wraith hits you!
The wraith drains your vigour!
You feel as though you will be slow longer.
You are too injured to fight recklessly!
You are too injured to fight recklessly!
You scratch the wraith.
The wraith is severely damaged.
A steam dragon comes into view.
The wraith hits you but does no damage.
You closely miss the wraith.
The wraith is severely damaged.
The wraith hits you but does no damage. The wraith barely misses you.
The steam dragon hisses angrily.
You scratch the wraith.
The wraith is severely damaged.
The steam dragon breathes steam at you. The ball of steam hits you!
The steam scalds you terribly!
* * * LOW HITPOINT WARNING * * *
The wraith hits you but does no damage.
You hear a bark!
You barely miss the wraith.
The wraith is severely damaged.
You are engulfed in a cloud of scalding steam.
* * * LOW HITPOINT WARNING * * *
The wraith hits you.
* * * LOW HITPOINT WARNING * * *
The wraith drains your vigour!
You feel as though you will be slow longer.
The wraith hits you but does no damage.
You scratch the wraith.
The wraith is severely damaged.
You are engulfed in a cloud of scalding steam.
The ogre is engulfed in a cloud of scalding steam.
The wraith is engulfed in a cloud of scalding steam.
The wraith hits you!
* * * LOW HITPOINT WARNING * * *
You completely miss the wraith.
The wraith is severely damaged.
You are engulfed in a cloud of scalding steam.
You die...

## .# #.# #...# #.#
#.#D# #.# #..§# #.#
## #.#.# #.# #.
#O§.# #.# #. #W#§#
#.# #.###
#.@.###.#### #...
###.#......#####..#
#...#...[......#.
#.###..##.........
... #.............
###. #...#.########
## ..#..#.#
.......# .........


You could see a wraith and an ogre.

Vanquished Creatures
  Maggie (D:6)
  Menkaure (D:4)
  A water moccasin (D:5)
  2 ice beasts
  3 ogres
  3 kobold brigands
  A bullfrog (D:6)
  4 wights (D:6)
  A howler monkey (D:6)
  A hound (D:4)
  A gnoll bouda (D:5)
  4 iguanas
  4 orc wizards
  15 gnolls
  3 adders
  2 worms
  A dart slug (D:4)
  12 orcs
  6 bats
  7 endoplasms
  A giant cockroach (D:2)
  5 goblins
  6 hobgoblins
  6 jackals (D:2)
  4 quokkas
  6 ball pythons
  4 frilled lizards (D:1)
  45 kobolds
  A rat (D:3)
151 creatures vanquished.

Notes
Turn   | Place    | Note
-------+----------+-------------------------------------------
     0 | D:1      | porpoise the Demonspawn Gladiator began the quest for the
                  | Orb.
     0 | D:1      | Reached XP level 1. HP: 16/16 MP: 1/1
   220 | D:1      | Gained mutation: You may rarely emit foul miasma when
                  | damaged in melee. [demonic ancestry]
   220 | D:1      | Reached XP level 2. HP: 22/22 MP: 2/2
   539 | D:1      | Found Omehimn's Magic Scroll Shop.
   853 | D:2      | Gained mutation: You have sharp fingernails. [demonic
                  | ancestry]
   853 | D:2      | Reached XP level 3. HP: 28/28 MP: 3/3
  1052 | D:2      | Identified the ring of Bayt {rF- rC+ Slay+2 Stlth+}
  1517 | D:2      | Found a faded altar of an unknown god.
  1790 | D:3      | Identified 2 scrolls of acquirement
  1790 | D:3      | Acquired 898 gold pieces
  1791 | D:3      | Acquired a manual of Maces & Flails
  1815 | D:3      | Gained mutation: You have very sharp fingernails. [demonic
                  | ancestry]
  1815 | D:3      | Reached XP level 4. HP: 14/34 MP: 4/4
  2138 | D:3      | Found a faded altar of an unknown god.
  2139 | D:3      | Found a hazy altar of Hepliaklqana.
  2145 | D:3      | Gained mutation: You are partially covered in sharp spines.
                  | [demonic ancestry]
  2145 | D:3      | Reached XP level 5. HP: 41/41 MP: 5/5
  2935 | D:3      | Gained mutation: You have an unusually large brain. (Int
                  | +2) [demonic ancestry]
  2935 | D:3      | Reached XP level 6. HP: 42/47 MP: 6/6
  3632 | D:4      | Found Miemycin's Weapon Emporium.
  3650 | D:4      | Found Udoem's General Store.
  3663 | D:4      | Reached XP level 7. HP: 54/54 MP: 7/7
  3676 | D:4      | Bought a scroll of teleportation for 42 gold pieces
  3676 | D:4      | Bought 3 scrolls of blinking for 315 gold pieces
  3843 | D:4      | Found Naveb's Armour Boutique.
  4052 | D:4      | Found Bytili's Armour Boutique.
  4122 | D:4      | Found a shimmering altar of Xom.
  4154 | D:4      | Found Micwach's Armour Emporium.
  4234 | D:4      | Noticed Menkaure
  4243 | D:4      | Killed Menkaure
  4453 | D:5      | Entered Level 5 of the Dungeon
  4567 | D:5      | Found a broken altar of Ashenzari.
  4629 | D:5      | Reached skill level 5 in Fighting
  4629 | D:5      | Reached skill level 5 in Polearms
  4629 | D:5      | Reached skill level 5 in Dodging
  4629 | D:5      | Gained mutation: You have claws for hands. [demonic
                  | ancestry]
  4629 | D:5      | Reached XP level 8. HP: 25/62 MP: 8/8
  5116 | D:5      | Found a runed translucent gate.
  5119 | D:5      | Found a runed translucent gate.
  5120 | D:5      | Found a runed translucent gate.
  5131 | D:5      | Noticed middlethird's ghost (amateur VSTm)
  5172 | D:5      | Found an ornate altar of the Wu Jian Council.
  5350 | D:5      | Found an opulent altar of Gozag.
  5690 | D:6      | Found a staircase to the Ecumenical Temple.
  5714 | D:6      | Reached skill level 5 in Throwing
  5735 | D:6      | Noticed Maggie
  5737 | Temple   | Entered the Ecumenical Temple
  5904 | D:6      | Killed Maggie
  6420 | D:6      | Reached XP level 9. HP: 65/67 MP: 9/9
  6493 | D:6      | Engulfed by a steam dragon's steam

Illustrated notes

Levels and vault maps discovered:
D:1:      dpeg_arrival_tiny_g, layout_loops_ring, serial_shops, shop
D:2:      layout_basic, shapermc_ecumenical_altar_flowoftime,
          serial_bayou_crossing
D:3:      minmay_goblin_kobold_castle, layout_basic,
          beargit_hepliaklqana_dungeon_heroes
D:4:      nicolae_cairo_tiling, layout_gridville, lemuel_round_altar,
          serial_shops, shop, shop, nicolae_shop_temple_entry_statues_fountains,
          nicolae_shop_rolling_square, nicolae_shop_crystal, uniq_menkaure
D:5:      layout_loops_cross, cheibrodos_ashenzari_chains, grunt_gozag_statues,
          pdpol_wu_jian_five_deadly_venoms, gammafunk_ghost_necromancy,
          chequers_serial_rivers_small_a, nrook_loot_triangle
D:6:      layout_loops_ring, minmay_temple_entry_trees,
          hangedman_minor_gate_pass, uniq_maggie, uniq_eustachio
Temple:   hellmonk_temple_beads

Skill      XL: |  1  2  3  4  5  6  7  8 |
---------------+-------------------------+-----
Throwing       | 2 3 4 5 |  5.6
Polearms       | 3 4 5 6 |  6.0
Dodging        | 3 4 5 6 |  6.0
Fighting       | 3 4 5 6 |  6.2

Action                     |  1- 3 |  4- 6 |  7- 9 || total
---------------------------+-------+-------+-------++-------
  Melee: Trident           |   113 |   162 |   146 ||   421
         Punch             |       |     2 |     2 ||     4
         Unarmed           |       |       |    20 ||    20
    Use: Scroll            |     6 |     2 |     4 ||    12
         Potion            |       |     1 |     1 ||     2
   Stab: Sleeping          |     1 |     7 |     3 ||    11
         Distracted        |       |       |     1 ||     1
 Armour: Leather armour    |     6 |       |       ||     6
         Ring mail         |    14 |    48 |    16 ||    78
         Acid dragon scale |       |       |    12 ||    12
  Dodge: Dodged            |    66 |    82 |    80 ||   228
